 Seeded DCSS version 0.30-a0-918-g0ff054e9dc (webtiles) character file.

Game seed: 3125986916090331667 (custom seed)

43872 bmack86 the Severer (level 13, 0/117 HPs)
             Began as a Minotaur Fighter on Mar 21, 2023.
             Was the Champion of Okawaru.
             Slain by a centaur warrior (10 damage)
             ... on level 14 of the Dungeon.
             The game lasted 00:36:59 (11066 turns).

bmack86 the Severer (Minotaur Fighter)             Turns: 11066, Time: 00:37:00

Health: 0/117      AC: 17    Str: 31    XL:     13   Next: 93%
Magic:  18/19      EV:  8    Int: 13    God:    Okawaru [******]
Gold:   545        SH: 18    Dex: 10    Spells: 12/12 levels left

rFire   . . .      SeeInvis +    P - +5 broad axe (freeze)
rCold   + . .      Faith    .    w - +2 kite shield of Dim Light {Regen+ Int+3 SInv Stlth+}
rNeg    . . .      Spirit   .    t - +1 chain mail of Supple Strength {Harm Str+3}
rPois   .          Reflect  +    R - +1 hat
rElec   .          Rampage  .    k - scarf {repulsion}
rCorr   .          Harm     + .  e - +0 pair of gloves of Noughts and Crosses {Str+2}
Will    .....                    T - +0 pair of boots Stlth
                                 b - amulet of reflection
HPRegen 1.19/turn                Z - ring of flight
MPRegen 0.16/turn                x - ring of Xom's Wantonness {rC+ Int+5}

@: on fire, marked, flying, glowing, repel missiles
A: horns 2, retaliatory headbutt
a: Renounce Religion, Heroism, Finesse, Duel


You were on level 14 of the Dungeon.
You worshipped Okawaru.
Okawaru was exalted by your worship.
You visited 2 branches of the dungeon, and saw 16 of its levels.
You visited the Abyss 1 time.

You collected 683 gold pieces.
You spent 138 gold pieces at shops.

Inventory:

Hand Weapons
 a - a +0 war axe of venom
 P - a +5 broad axe of freezing (weapon)
 U - the +0 war axe of Gozag's Scorn {flame, rCorr Dex+2 SInv Stlth-}
   (You took it off a vampire on level 11 of the Dungeon)

   Dex:       It affects your dexterity (+2).
   SInv:      It lets you see invisible.
   rCorr:     It protects you from acid and corrosion.
   Stlth:     It makes you less stealthy.
Missiles
 I - a curare-tipped dart
 L - 2 javelins
 M - 6 boomerangs of dispersal
 N - 8 boomerangs (quivered)
 O - 6 silver boomerangs
 S - a silver javelin
Armour
 e - the +0 pair of gloves of Noughts and Crosses (worn) {Str+2}
   (You acquired it on level 4 of the Dungeon)

   Str:       It affects your strength (+2).
 j - the +7 tower shield of a volcano {rF+ Will+ rCorr}
   (Okawaru gifted it to you on level 2 of the Abyss)

   rF:        It protects you from fire.
   rCorr:     It protects you from acid and corrosion.
   Will:      It increases your willpower.
 k - a scarf of repulsion (worn)
 t - the +1 chain mail of Supple Strength (worn) {Harm Str+3}
   (You found it on level 3 of the Dungeon)

   Str:       It affects your strength (+3).
   Harm:      It increases damage dealt and taken.
 w - the +2 kite shield of Dim Light (worn) {Regen+ Int+3 SInv Stlth+}
   (You acquired it on level 4 of the Dungeon)

   Int:       It affects your intelligence (+3).
   SInv:      It lets you see invisible.
   Regen:     It increases your rate of health regeneration.
   Stlth:     It makes you more stealthy.
 y - a +2 cloak
 R - a +1 hat (worn)
 T - a +0 pair of boots (worn)
Jewellery
 b - an amulet of reflection (around neck)
 f - a +6 ring of strength
 h - a +6 ring of strength
 m - a ring of protection from cold
 x - the ring of Xom's Wantonness (right hand) {rC+ Int+5}
   (You acquired it on level 4 of the Dungeon)

   [ring of protection from cold]

   Int:       It affects your intelligence (+5).
   rC:        It protects you from cold.
 K - a +6 ring of dexterity
 Z - a ring of flight (left hand)
Wands
 l - a wand of digging (5)
 r - a wand of polymorph (6)
 s - a wand of flame (21)
 V - a wand of acid (4)
 W - a wand of roots (1)
Scrolls
 i - 6 scrolls of teleportation
 n - a scroll of amnesia
 o - a scroll of magic mapping {unknown}
 B - a scroll of fog
 C - 2 scrolls of brand weapon
 D - 3 scrolls of blinking
 Q - 4 scrolls of identify
Potions
 c - 3 potions of cancellation
 d - 4 potions of might
 g - 5 potions of heal wounds
 p - a potion of resistance
 v - a potion of brilliance
 z - 3 potions of curing
 F - a potion of ambrosia
 G - 3 potions of haste
 Y - a potion of flight


   Skills:
 + Level 11.9 Fighting
 * Level 15.8 Axes
 + Level 9.2 Throwing
 + Level 11.8 Armour
 + Level 11.8 Shields
 + Level 9.3 Invocations


You had 12 spell levels left.
You didn't know any spells.
Your spell library contained the following spells:

 Spells                   Type           Power      Damage    Failure   Level
 Apportation              Tloc           0%         N/A       92%         1
 Necrotise                Necr           0%         1d4       92%         1
 Sandblast                Erth           0%         2d4       92%         1
 Ensorcelled Hibernation  Hex/Ice        0%         N/A       98%         2
 Passwall                 Tmut/Erth      0%         N/A       98%         2
 Sublimation of Blood     Necr           0%         N/A       98%         2
 Inner Flame              Hex/Fire       0%         N/A       100%        3
 Portal Projectile        Hex/Tloc       0%         N/A       100%        3
 Stone Arrow              Conj/Erth      0%         3d7       100%        3
 Swiftness                Air            0%         N/A       100%        3
 Cause Fear               Hex            0%         N/A       100%        4
 Flame Wave               Conj/Fire      0%         2d4       100%        4
 Leda's Liquefaction      Hex/Erth       0%         N/A       100%        4
 Petrify                  Tmut/Erth      0%         N/A       100%        4
 Sticky Flame             Conj/Fire      0%         2d3       100%        4
 Irradiate                Conj/Tmut      0%         3d11      100%        5
 Conjure Ball Lightning   Conj/Air       0%         3x3d6     100%        6
 Statue Form              Tmut/Erth      0%         N/A       100%        6
 Borgnjor's Revivificati  Necr           0%         N/A       100%        8
 Discord                  Hex            0%         N/A       100%        8
 Disjunction              Tloc           0%         N/A       100%        8
 Lehudib's Crystal Spear  Conj/Erth      0%         10d2      100%        8
 Necromutation            Tmut/Necr      0%         N/A       100%        8
 Death's Door             Necr           0%         N/A       100%        9
 Summon Small Mammal      Summ           Unusable   N/A       N/A         1
 Call Canine Familiar     Summ           Unusable   N/A       N/A         3

Dungeon Overview and Level Annotations

Branches:
Dungeon (15/15)            Temple (1/1) D:5            Lair (0/5) D:10
    Orc (0/2) D:9          Depths (0/4) D:15
 Vaults: D:13-14

Altars:
Cheibriados
Dithmenos
Gozag
Hepliaklqana
Kikubaaqudgha
Nemelex Xobeh
Okawaru
Qazlal
Wu Jian
Xom
The Shining One

Shops:
D:3 :   D:5 (**?   D:7 :   D:11 :

Portals:
Trove: D:11 (give +2 storm dragon scales)

Annotations:
D:8 1 transporter
D:10 2 transporters, AverageBear's ghost, novice OpFi


Innate Abilities, Weirdness & Mutations

You have a pair of horns on your head.
You reflexively headbutt those who attack you in melee.


Message History

The centaur warrior unwields a +4 shortbow.
The centaur warrior hits you but does no damage.
You block the centaur warrior's attack. The centaur warrior hits you!
* * * LOW HITPOINT WARNING * * *
The centaur warrior kicks you.
* * * LOW HITPOINT WARNING * * *
The deep elf pyromancer casts a spell at you.
The sticky flame hits you but does no damage.
You are covered in liquid flames!
Unknown command.
You slice the slime creature!! You freeze the slime creature!
Your headbutt misses the slime creature.
The slime creature is almost dead.
You hit the centaur warrior. You freeze the centaur warrior.
You barely miss the centaur warrior.
You are covered in liquid flames!
* * * LOW HITPOINT WARNING * * *
The centaur warrior hits you but does no damage.
You block the centaur warrior's attack. The centaur warrior barely misses you.
The centaur warrior kicks you but does no damage.
You block the centaur warrior's attack. The centaur warrior barely misses you.
You slice the centaur warrior!! You freeze the centaur warrior!
You kill the centaur warrior!
Okawaru is honoured by your kill.
You hit the centaur warrior. You freeze the centaur warrior.
You slice the slime creature!! You freeze the slime creature.
You kill the slime creature!
Okawaru accepts your kill.
You barely miss the fire elemental.
You are covered in liquid flames!
* * * LOW HITPOINT WARNING * * *
You block the centaur warrior's attack. The centaur warrior kicks you.
* * * LOW HITPOINT WARNING * * *
The deep elf pyromancer casts a spell at you.
The sticky flame hits you but does no damage.
You are covered in liquid flames!
The fire elemental hits you. The fire elemental burns you!
* * * LOW HITPOINT WARNING * * *
The centaur warrior hits you!
You die...

.........(...........
.....................
..>..................
.............).......
.............)...○..○
###..##.####)○JE○○○.
........ #.○e#####
.##...##. #.)E# ## #
#.@.# #ce.# ...J.#
#........ #..###J.###
#..# #..# ..# #..# .#
#..#


You could see 3 slime creatures, a centaur warrior, 2 deep elf pyromancers and 2
fire elementals.

Vanquished Creatures
  A tentacled starspawn (Abyss:2)
  A very ugly thing (Abyss:2)
  2 vault guards (D:13)
  6 centaur warriors
  A boulder beetle (D:12)
  8 two-headed ogres
  A thrashing horror (Abyss:2)
  2 skeletal warriors (D:15)
  A glowing orange brain (Abyss:2)
  A flayed ghost (D:15)
  3 deep elf pyromancers (D:15)
  A wizard (D:13)
  A bunyip skeleton (Abyss:2)
  An orc knight (D:13)
  An ugly thing (D:12)
  6 cyclopes
  A fire giant zombie (D:15)
  A necromancer (D:15)
  A frost giant zombie (D:15)
  5 manticores
  A manticore (shapeshifter) (Abyss:2)
  A fire giant skeleton (D:15)
  A rust devil (Abyss:2)
  A smoke demon (Abyss:2)
  An apocalypse crab (Abyss:2)
  An orange demon (Abyss:2)
  3 unseen horrors
  3 gargoyles
  A hellion (Abyss:2)
  5 yaktaurs (D:15)
  A freezing wraith (D:12)
  2 komodo dragons
  A troll (shapeshifter) (D:15)
  A tengu conjurer (D:15)
  An ancient zyme (Abyss:2)
  A polar bear (shapeshifter) (Abyss:2)
  5 trolls
  A raiju (shapeshifter) (D:12)
  2 hornets
  3 raiju (Abyss:2)
  4 slime creatures
  2 large abominations (Abyss:2)
  A vampire (D:11)
  A shadow (D:10)
  5 wraiths
  An ettin skeleton (D:15)
  4 small abominations (Abyss:2)
  12 yaks
  4 basilisks
  4 starcursed masses (Abyss:2)
  4 wyverns
  2 steam dragons (D:7)
  4 vampire mosquitoes (D:12)
  A chaos spawn (Abyss:2)
  4 acid dragons
  7 water moccasins
  3 orc warriors
  2 ice beasts
  An ogre (D:5)
  A sky beast (D:6)
  3 black bears
  11 centaurs
  3 kobold brigands
  3 bullfrogs
  An earth elemental (Abyss:2)
  2 gnoll sergeants (D:9)
  6 scorpions
  5 wights (D:8)
  8 killer bees
  A howler monkey (D:9)
  A crimson imp (Abyss:2)
  A hound (D:6)
  5 jellies
  A gnoll bouda (D:10)
  5 orc priests
  Crazy Yiuf (D:7)
  4 iguanas
  A sleepcap (D:4)
  Natasha (thrice) (D:2)
  9 orc wizards
  14 gnolls
  7 adders
  3 white imps (D:6)
  2 ufetubi (Abyss:2)
  A worm (D:2)
  2 dart slugs
  33 orcs
  7 endoplasms
  2 giant cockroaches
  5 hobgoblins
  4 jackals (D:4)
  18 kobolds
  4 quokkas
  9 ball pythons
  4 bats
  2 frilled lizards
  9 goblins
  4 rats
  2 starspawn tentacles (Abyss:2)
354 creatures vanquished.

Vanquished Creatures (others)
  2 fungi (D:10)
  15 plants (D:10)
  3 withered plants (D:15)
20 creatures vanquished.

Grand Total: 374 creatures vanquished

Notes
Turn   | Place    | Note
-------+----------+-------------------------------------------
     0 | D:1      | bmack86 the Minotaur Fighter began the quest for the Orb.
     0 | D:1      | Reached XP level 1. HP: 19/19 MP: 0/0
   210 | D:1      | Reached XP level 2. HP: 27/27 MP: 1/1
   243 | D:1      | Reached skill level 3 in Axes
   574 | D:1      | Reached XP level 3. HP: 28/33 MP: 2/2
   863 | D:3      | Found an iron altar of Okawaru.
   921 | D:3      | Became a worshipper of Warmaster Okawaru
  1206 | D:2      | Noticed Natasha
  1212 | D:2      | Killed Natasha
  1213 | D:2      | Reached XP level 4. HP: 25/40 MP: 3/3
  1274 | D:2      | Reached skill level 4 in Axes
  1683 | D:2      | Noticed Natasha
  1693 | D:2      | Killed Natasha
  1958 | D:2      | Noticed Natasha
  1966 | D:2      | Killed Natasha
  1967 | D:2      | Reached skill level 1 in Invocations
  1967 | D:2      | Reached XP level 5. HP: 19/47 MP: 4/4
  2149 | D:3      | Identified the +1 chain mail of Supple Strength {Harm
                  | Str+3}
  2177 | D:3      | Found Digoh's Book Boutique.
  2860 | D:4      | Identified 3 scrolls of acquirement
  2860 | D:4      | Acquired the +2 kite shield of Dim Light {Regen+ Int+3 SInv
                  | Stlth+}
  2871 | D:4      | Acquired the ring of Xom's Wantonness {rC+ Int+5}
  2874 | D:4      | Acquired the +0 pair of gloves of Noughts and Crosses
                  | {Str+2}
  2930 | D:4      | Reached XP level 6. HP: 53/53 MP: 6/6
  2939 | D:4      | Reached skill level 1 in Throwing
  2940 | D:4      | Reached * piety under Okawaru
  2941 | D:4      | Reached skill level 5 in Axes
  2989 | D:4      | Reached skill level 5 in Fighting
  3085 | D:4      | Found a hazy altar of Hepliaklqana.
  3128 | D:4      | Noticed a water moccasin
  3131 | D:4      | Killed a water moccasin
  3132 | D:4      | Reached skill level 5 in Armour
  3132 | D:4      | Reached skill level 5 in Shields
  3132 | D:4      | Reached XP level 7. HP: 61/61 MP: 7/7
  3346 | D:5      | Entered Level 5 of the Dungeon
  3362 | D:5      | Found a staircase to the Ecumenical Temple.
  3392 | D:5      | Reached skill level 6 in Axes
  3401 | Temple   | Entered the Ecumenical Temple
  3429 | D:5      | Reached ** piety under Okawaru
  3503 | D:5      | Found Kuxiet's Assorted Antiques.
  3505 | D:5      | Found Tuexan's Magic Scroll Boutique.
  3526 | D:5      | Found Istewn's Weapon Boutique.
  3526 | D:5      | Found Keelodoj's General Store.
  3531 | D:5      | Reached XP level 8. HP: 70/70 MP: 9/9
  3545 | D:5      | Bought a scroll of identify for 24 gold pieces
  3545 | D:5      | Bought a scroll of identify for 24 gold pieces
  3545 | D:5      | Bought a scroll of enchant armour for 90 gold pieces
  3716 | D:5      | Reached *** piety under Okawaru
  3717 | D:5      | Reached skill level 7 in Axes
  3946 | D:6      | Noticed a troll
  3950 | D:6      | Killed a troll
  3951 | D:6      | Reached skill level 8 in Axes
  3951 | D:6      | Reached XP level 9. HP: 70/78 MP: 11/11
  3987 | D:6      | Reached **** piety under Okawaru
  4030 | D:6      | Found an ornate altar of the Wu Jian Council.
  4671 | D:7      | Reached skill level 9 in Axes
  4676 | D:7      | Found Jauttyss's Tremendous Tomes.
  4970 | D:7      | Found a runed translucent door.
  4971 | D:7      | Noticed Crazy Yiuf
  4977 | D:7      | Killed Crazy Yiuf
  5136 | D:8      | Found a transporter.
  5140 | D:8      | Noticed an ogre mage
  5154 | D:8      | Received a gift from Okawaru
  5220 | D:8      | Reached skill level 5 in Invocations
  5259 | D:8      | Reached ***** piety under Okawaru
  5364 | D:8      | Reached XP level 10. HP: 88/88 MP: 12/12
  5405 | D:8      | Found a glowing golden altar of the Shining One.
  5444 | D:8      | Found a large runed translucent door.
  5444 | D:8      | Found a large runed translucent door.
  5547 | D:8      | Found a sparkling altar of Nemelex Xobeh.
  5908 | D:8      | Found a shadowy altar of Dithmenos.
  5920 | D:8      | Found a shimmering altar of Xom.
  6084 | D:9      | Noticed a two-headed ogre
  6091 | D:9      | Killed a two-headed ogre
  6092 | D:9      | Reached skill level 10 in Axes
  6092 | D:9      | Reached skill level 5 in Throwing
  6232 | D:9      | Found a staircase to the Orcish Mines.
  6253 | D:9      | Received a gift from Okawaru
  6449 | D:10     | Entered Level 10 of the Dungeon
  6469 | D:10     | Noticed a two-headed ogre
  6478 | D:10     | Killed a two-headed ogre
  6568 | D:10     | Reached skill level 11 in Axes
  6611 | D:10     | Reached ****** piety under Okawaru
  6611 | D:10     | Received a gift from Okawaru
  6634 | D:10     | Reached XP level 11. HP: 70/95 MP: 14/14
  6639 | D:10     | Noticed a two-headed ogre
  6648 | D:10     | Killed a two-headed ogre
  6648 | D:10     | Received a gift from Okawaru
  6682 | D:10     | Found a staircase to the Lair.
  6720 | D:10     | Found a transporter.
  6872 | D:10     | Found a transporter.
  6872 | D:10     | Noticed AverageBear's ghost (novice OpFi)
  7044 | D:10     | Found the +9 staff of Wucad Mu {*channel}
  7110 | D:11     | Found Rois's Book Emporium.
  7160 | D:11     | Reached skill level 12 in Axes
  7288 | D:11     | Received a gift from Okawaru
  7354 | D:11     | Noticed a two-headed ogre
  7359 | D:11     | Killed a two-headed ogre
  7359 | D:11     | Received a gift from Okawaru
  7397 | D:11     | Identified the +11 spear of Okawaru's Vengeance {freeze,
                  | rElec rF- rC+ Dex+3} (Okawaru gifted it to you on level 11
                  | of the Dungeon)
  7397 | D:11     | Received a gift from Okawaru
  7460 | D:11     | Noticed a two-headed ogre
  7467 | D:11     | Killed a two-headed ogre
  7485 | D:11     | Found a portal to a secret trove of treasure.
  7756 | D:11     | Identified the +0 war axe of Gozag's Scorn {flame, rCorr
                  | Dex+2 SInv Stlth-}
  7928 | D:12     | Noticed a two-headed ogre
  7938 | D:12     | Killed a two-headed ogre
  8142 | D:12     | Reached XP level 12. HP: 104/106 MP: 16/16
  8209 | D:12     | Reached skill level 13 in Axes
  8354 | D:12     | Reached skill level 10 in Fighting
  8401 | D:12     | Received a gift from Okawaru
  8419 | D:12     | Reached skill level 10 in Armour
  8419 | D:12     | Reached skill level 10 in Shields
  8427 | D:12     | Noticed a boulder beetle
  8435 | D:12     | Killed a boulder beetle
  8472 | D:12     | Received a gift from Okawaru
  8562 | D:12     | Got the Omnibus of Underground Obstruction
  8569 | D:12     | Noticed a two-headed ogre
  8575 | D:12     | Killed a two-headed ogre
  8866 | D:13     | Received a gift from Okawaru
  8887 | D:13     | Noticed a vault guard
  8894 | D:13     | Noticed a vault guard
  8947 | D:13     | Noticed a centaur warrior
  8948 | D:13     | Noticed a centaur warrior
  8953 | D:13     | Killed a centaur warrior
  8956 | D:13     | Killed a centaur warrior
  8957 | D:13     | Reached skill level 14 in Axes
  9277 | D:13     | Noticed a two-headed ogre
  9283 | D:13     | Killed a two-headed ogre
  9391 | D:13     | Killed a vault guard
  9414 | D:13     | Killed a vault guard
  9433 | Abyss:2  | Cast into level 2 of the Abyss (a wizard)
  9478 | Abyss:2  | Found a corrupted altar of Lugonu.
  9496 | Abyss:2  | Found a corrupted altar of Lugonu.
  9496 | Abyss:2  | Found a corrupted altar of Lugonu.
  9559 | Abyss:2  | Identified the +7 tower shield of a volcano {rF+ Will+
                  | rCorr} (Okawaru gifted it to you on level 2 of the Abyss)
  9559 | Abyss:2  | Received a gift from Okawaru
  9583 | Abyss:2  | Reached XP level 13. HP: 101/115 MP: 18/18
  9621 | Abyss:2  | Noticed a white very ugly thing
  9628 | Abyss:2  | Killed a white very ugly thing
  9754 | Abyss:2  | Found a corrupted altar of Lugonu.
  9756 | Abyss:2  | Paralysed by you for 4 turns
  9836 | Abyss:2  | Noticed a starcursed mass
  9911 | Abyss:2  | Noticed a tentacled starspawn
  9918 | Abyss:2  | Killed a tentacled starspawn
  9979 | Abyss:2  | Reached skill level 15 in Axes
 10008 | D:13     | Escaped the Abyss
 10020 | D:13     | You are sucked into a shaft and drop 2 floors!
 10020 | D:15     | Entered Level 15 of the Dungeon
 10481 | D:15     | Found a staircase to the Depths.
 10499 | D:15     | Received a gift from Okawaru
 11066 | D:14     | Slain by a centaur warrior

Illustrated notes

Levels and vault maps discovered:
D:1:      amcnicky_arrival_single_pillar, layout_loops_cross,
          hangedman_glass_garden
D:2:      layout_loops_ring, dk_vineyard_1, uniq_natasha
D:3:      layout_basic, mainiacjoe_overflow_catwalk, serial_forest,
          infiniplex_forest_zigzag_1, infiniplex_forest_split,
          infiniplex_forest_end_double, infiniplex_forest_lined_room_,
          infiniplex_forest_corner_1, infiniplex_forest_lined_room_2,
          serial_shops, nicolae_shop_hallway_stairs
D:4:      layout_basic, old_standard_altar
D:5:      layout_rooms, minmay_temple_entry_drinking_statues,
          minmay_shop_grid_forest
D:6:      layout_rooms, lemuel_tele_altar, minmay_microvault
D:7:      layout_basic, minmay_misc_feat_hallway, nicolae_shop_i_like_big_books,
          chequers_serial_rivers_large_a, uniq_crazy_yiuf_cottage
D:8:      gammafunk_beogh_shrine, layout_basic,
          mainiacjoe_overflow_six_doors_small, jmf_multi_god_temple2,
          kennysheep_little_box, serial_curves, eino_curves_01, eino_curves_02
D:9:      layout_roguey, orc_0_dummy
D:10:     layout_rooms, minmay_lair_entry_grove, gammafunk_ghost_stat_death,
          minmay_orc_keep
D:11:     layout_loops_ring, serial_shops, shop, enter_trove_1, serial_glass,
          glass_columns_b, glass_columns_b
D:12:     nicolae_hexawheel, layout_irregular_city, hangedman_decor_riveting
D:13:     layout_loops_ring, grunt_vaults_entry_fortified
D:14:     layout_long_grid, ebering_ghost_funeral_grove,
          nemelex_lonely_heart_becter, fedhas_ov_isle_minmay
D:15:     gammafunk_depths_entry_grave, layout_cave_pods,
          minmay_misc_feat_pillars
Temple:   hellmonk_temple_of_storms

Skill      XL: |  1  2  3  4  5  6  7  8  9 10 11 12 13 |
---------------+----------------------------------------+-----
Axes           | 3 4 5 6 8 9 11 12 14 15 | 15.8
Armour         | 4 5 6 7 8 9 10 11 | 11.8
Fighting       | 4 5 6 7 8 9 10 11 | 11.9
Shields        | 4 5 6 7 8 9 10 11 | 11.8
Invocations    | 1 2 3 4 5 6 7 8 9 |  9.3
Throwing       | 1 2 3 4 5 7 8 9 |  9.2

Action                     |  1- 3 |  4- 6 |  7- 9 | 10-12 | 13-15 || total
---------------------------+-------+-------+-------+-------+-------++-------
  Melee: War axe           |    91 |    71 |   170 |   127 |       ||   459
         Headbutt          |     6 |    10 |    27 |    49 |    43 ||   135
         Broad axe         |       |       |       |   172 |   155 ||   327
  Throw: Boomerang         |       |       |       |    22 |     3 ||    25
 Invoke: Heroism           |       |       |       |     2 |     1 ||     3
  Evoke: Wand              |       |       |     2 |       |       ||     2
    Use: Scroll            |     2 |     7 |     7 |    15 |     1 ||    32
 Armour: Scale mail        |    48 |     6 |       |       |       ||    54
         Chain mail        |       |    38 |    99 |   106 |    95 ||   338
  Dodge: Dodged            |    54 |    24 |    52 |    68 |    27 ||   225
  Block: Buckler           |    32 |     7 |       |       |       ||    39
         Kite shield       |       |    26 |   166 |   312 |   134 ||   638
         Reflection        |       |       |    12 |    39 |    18 ||    69

Table legend: (Time is in decaauts)
 A = Elapsed time spent in this place.
 B = Non-inter-level travel time spent in this place.
 C = Inter-level travel time spent in this place.
 D = Time resting spent in this place.
 E = Time spent auto-exploring this place.
 F = Levels seen in this place.
 G = Mean time per level.
                   A        B        C        D        E       F      G
               +--------+--------+--------+--------+--------+-----+--------+
         Total |  11250 |  10920 |    330 |    388 |   7151 |  17 |  661.8 |
       Dungeon |  10671 |  10341 |    330 |    293 |   6967 |  15 |  711.4 |
        Temple |      1 |      1 |      0 |      0 |      0 |   1 |    1.0 |
         Abyss |    576 |    576 |      0 |     95 |    184 |   1 |  576.0 |
               +--------+--------+--------+--------+--------+-----+--------+

Top non-repeatable levels by time:
     D:2: 1349 daAuts
    D:15: 956 daAuts
     D:7: 941 daAuts
    D:12: 920 daAuts
     D:8: 853 daAuts
    D:11: 805 daAuts
     D:1: 719 daAuts
     D:4: 693 daAuts
     D:3: 681 daAuts
    D:10: 671 daAuts
    D:13: 624 daAuts
 Abyss:2: 576 daAuts
     D:9: 503 daAuts
     D:6: 461 daAuts
     D:5: 403 daAuts
